cohdb
Replays
Latest Replays
All Replays
Popular Replays
Top Player Replays
Match Explorer
How It Works
Community
CoH3 Stats
Reddit
Sign in to upload your games and track your stats! →
Sign in with Steam
Match 45767862
Unlisted
Match 45767862
Overview
Messages
Build Orders
End
Construct Infanterie Kompanie
MG 42 Machine Gun Team
Grenadier Squad
Selects Mechanized Battlegroup
Grenadier Squad
Construct Panzergrenadier Kompanie
Panzergrenadier Squad
Selects Raid Package
A_Smoove
F8
sixx2
MaxBenJim
Gerald Bowmans
EOSR
0
0
Comments
sign in to comment!
No comments posted yet!